 Dungeon Crawl Stone Soup version 0.23.2-30-g0e89c35 (webtiles) character file.

Game seed: 4903816013489499566

109 Fang the Skirmisher (level 4, 0/29 HPs)
             Began as a Gargoyle Berserker on June 7, 2019.
             Was a Believer of Trog.
             Slain by an adder (3 damage)
             ... on level 3 of the Dungeon.
             The game lasted 00:04:18 (1573 turns).

Fang the Skirmisher (Gargoyle Berserker)            Turns: 1573, Time: 00:04:19

Health: 0/29       AC:  5    Str: 21    XL:     4   Next: 90%
Magic:  4/4        EV: 12    Int:  8    God:    Trog [**....]
Gold:   77         SH:  0    Dex:  9    Spells: 3/3 levels left

rFire    . . .     SeeInvis .   a - +0 hand axe
rCold    . . .     Gourm    .   (no shield)
rNeg     + . .     Faith    .   b - +0 animal skin
rPois    ∞         Spirit   .   (no helmet)
rElec    +         Reflect  .   (no cloak)
rCorr    .         Harm     .   (no gloves)
MR       .....                  (no boots)
Stlth    +.........             (no amulet)
HPRegen  0.09/turn              (no ring)
MPRegen  0.09/turn              (no ring)

@: berserk cooldown
A: negative energy resistance 1, electricity resistance, unbreathing,
petrification resistance, rot immunity, AC +3
a: Berserk, Trog's Hand, Renounce Religion


You were on level 3 of the Dungeon.
You worshipped Trog.
Trog was pleased with you.
You were not hungry.

You visited 1 branch of the dungeon, and saw 3 of its levels.

You collected 77 gold pieces.

Inventory:

Hand Weapons
 a - a +0 hand axe (weapon)
Armour
 b - a +0 animal skin (worn)
Scrolls
 f - 2 scrolls of magic mapping {unknown}
 g - 2 scrolls of fog {unknown}
 h - 2 scrolls of remove curse {unknown}
 j - a scroll of teleportation {unknown}
 l - 2 scrolls of amnesia {unknown}
 n - a scroll of noise {unknown}
 p - 2 scrolls of identify {unknown}
Potions
 d - a potion of might {unknown}
 e - 2 potions of lignification {unknown}
 i - a potion of brilliance {unknown}
 k - a potion of degeneration {unknown}
 m - a potion of invisibility {unknown}
 o - 2 potions of curing {unknown}
Comestibles
 c - 5 rations
 q - 11 chunks of flesh


   Skills:
 + Level 4.1 Fighting
 + Level 3.3 Axes
 + Level 3.2 Armour
 + Level 2.4 Dodging


You had 3 spell levels left.
You didn't know any spells.
Your spell library was empty.

Dungeon Overview and Level Annotations

Branches:
Dungeon (3/15)

Altars:
Dithmenos


Innate Abilities, Weirdness & Mutations

You are resistant to torment.
Your stone body is resilient. (AC +3)
You are immune to poison.
You resist negative energy. (rN+)
You are resistant to electric shocks. (rElec)
You can survive without breathing.
You are immune to petrification.
You are immune to rotting.


Message History

You barely miss the adder.
The adder is severely wounded.
You barely miss the quokka. The quokka completely misses you.
The adder bites you.
* * * LOW HITPOINT WARNING * * *
The quokka bites you.
* * * LOW HITPOINT WARNING * * *
You closely miss the adder.
The adder is severely wounded.
You hit the quokka.
You kill the quokka!
Trog accepts your kill. The adder bites you.
* * * LOW HITPOINT WARNING * * *
The bat hits you but does no damage. The adder closely misses you.
You barely miss the adder.
The adder is severely wounded.
The bat hits you but does no damage. The adder bites you but does no damage.
The adder bites you.
You die...

#.# #(# # #
######.. .#
.........###.#
............###.#
P##P###..)).>....#
....P.P.))########
......#.))#####
P..$.bS@......#
......†..####.#
......#..#
#.#########
P....P#..#
#.........#
######P..#
########.## ....#
#.# ....?#
#######.# #####
#.......#
#.#######


You could see an adder and a bat.

Vanquished Creatures
  Natasha (D:3)
  Robin (D:3)
  An adder (D:2)
  An ooze (D:1)
  A dart slug (D:1)
  A leopard gecko (D:2)
  A ball python (D:1)
  5 bats
  3 giant cockroaches
  11 goblins
  11 hobgoblins
  7 jackals
  A quokka (D:3)
  2 frilled lizards (D:2)
  A kobold (D:3)
  6 rats
54 creatures vanquished.

Notes
Turn   | Place    | Note
-------+----------+-------------------------------------------
     0 | D:1      | Fang the Gargoyle Berserker began the quest for the Orb.
     0 | D:1      | Reached XP level 1. HP: 14/14 MP: 1/1
    33 | D:1      | Reached XP level 2. HP: 11/19 MP: 2/2
   466 | D:1      | Reached XP level 3. HP: 20/23 MP: 3/3
   803 | D:2      | Found a shadowy altar of Dithmenos.
  1089 | D:2      | Reached ** piety under Trog
  1368 | D:2      | Reached XP level 4. HP: 29/29 MP: 4/4
  1517 | D:3      | Noticed Robin
  1520 | D:3      | Noticed Natasha
  1533 | D:3      | Killed Natasha
  1533 | D:3      | Reached skill level 4 in Fighting
  1535 | D:3      | Killed Robin
  1573 | D:3      | Slain by an adder

Skill      XL: |  1  2  3  4 |
---------------+-------------+-----
Axes           | 3 |  3.3
Dodging        | 2 |  2.4
Armour         | 3 |  3.2
Fighting       | 4 |  4.1

Action                   |  1- 3 |  4- 6 || total
-------------------------+-------+-------++-------
Melee: Hand axe          |   136 |    29 ||   165
Invok: Berserk           |     1 |     1 ||     2
 Stab: Sleeping          |       |     1 ||     1
  Eat: Chunk             |     3 |     1 ||     4
Armor: Animal skin       |    48 |    26 ||    74
Dodge: Dodged            |   100 |    43 ||   143
